 Dungeon Crawl Stone Soup version 0.31.0-32-g396128a36d (webtiles) character file.

Game seed: 14002258168413826885

8510 TacoSundae the Grappler (level 11, -2/56 HPs)
             Began as a Vine Stalker Shapeshifter on Apr 6, 2024.
             Was a High Priest of Makhleb.
             Slain by a manticore (11 damage)
             ... on level 11 of the Dungeon.
             The game lasted 00:29:03 (7975 turns).

TacoSundae the Grappler (Vine Stalker Shapeshifter) Turns: 7975, Time: 00:29:04

Health: -2/56      AC:  3    Str: 24    XL:     11   Next: 32%
Magic:  0/15       EV: 14    Int: 10    God:    Makhleb [*****.]
Gold:   667        SH:  0    Dex: 17    Spells: 10/10 levels left

rFire   . .          .
                       - Unarmed
rCold   . . .        (no shield)
rNeg    . . .        L - +0 troll leather armour
rPois   +            (helmet currently unavailable)
rElec   .            (cloak currently unavailable)
rCorr   .            (gloves currently unavailable)
SInv    .            (boots currently unavailable)
Will    +....        (no amulet)
Stlth   +            y - ring of poison resistance
HPRegen 1.89/turn    j - +6 ring of strength
MPRegen 0.14/turn

%: guardian spirit
@: beast-form
A: beast (slay +4), fangs 3, regeneration 1, magic shield, antimagic bite, no
potion heal 2
a: Begin Untransformation, Renounce Religion, Minor Destruction, Lesser Servant
of Makhleb, Major Destruction, Greater Servant of Makhleb


You were on level 11 of the Dungeon.
You worshipped Makhleb.
Makhleb was extremely pleased with you.
You were a hulking beast.
You visited 2 branches of the dungeon, and saw 12 of its levels.
You also visited: Sewer.

You collected 737 gold pieces.
You spent 70 gold pieces at shops.

Inventory:

Missiles
 v - 32 poisoned darts (quivered)
 A - a curare-tipped dart
 G - a throwing net
Armour
 p - a +0 helmet
 D - a +2 leather armour of fire resistance
 L - a +0 troll leather armour (worn)
Magical Staves
 q - a staff of alchemy
Jewellery
 f - a ring of protection from cold
 j - a +6 ring of strength (right hand)
 l - a ring of magical power
 y - a ring of poison resistance (left hand)
 K - a ring of flight
Talismans
 c - a beast talisman
 d - a flux talisman
 e - a maw talisman
 w - a serpent talisman
Wands
 s - a wand of iceblast (11)
 u - a wand of polymorph (8)
 x - a wand of flame (9)
Scrolls
 a - a scroll of enchant armour
 h - a scroll of summoning
 i - 3 scrolls of amnesia
 B - a scroll of torment
 C - a scroll of vulnerability
 F - a scroll of blinking
 H - 2 scrolls of teleportation
 M - a scroll of immolation
Potions
 b - a potion of lignification
 g - 4 potions of curing
 k - 2 potions of invisibility
 m - 2 potions of attraction
 n - a potion of cancellation
 o - a potion of haste
 r - 4 potions of brilliance
 t - 2 potions of resistance
 z - 2 potions of enlightenment
 E - 2 potions of ambrosia
 I - a potion of magic {unknown}
Miscellaneous
 J - a lightning rod (4/4)


   Skills:
 + Level 5.9 Fighting
 + Level 5.7 Dodging
 + Level 11.3 Unarmed Combat
 + Level 4.7 Invocations
 + Level 8.4 Shapeshifting


You had 10 spell levels left.
You didn't know any spells.
Your spell library contained the following spells:

 Spells                   Type           Power      Damage    Failure   Level
 Dazzling Flash           Conj/Hex       0%         N/A       78%         3
 Mephitic Cloud           Conj/Alch/Air  0%         N/A       78%         3
 Tukima's Dance           Hex            0%         N/A       78%         3
 Ignite Poison            Fire/Alch      0%         N/A       99%         4
 Passage of Golubria      Tloc           0%         N/A       99%         4
 Sticky Flame             Fire/Alch      0%         2d4       99%         4
 Curse of Agony           Necr           0%         N/A       100%        5
 Silence                  Hex/Air        0%         N/A       100%        5
 Yara's Violent Unravell  Hex/Alch       0%         3d3       100%        5
 Ignition                 Fire           0%         3d3       100%        8


Dungeon Overview and Level Annotations

Branches:
Dungeon (11/15)            Temple (1/1) D:4            Lair (0/5) D:8
    Orc (0/2) D:10          Sewer (visited)

Altars:
Ashenzari
Cheibriados
Dithmenos
Elyvilon
Fedhas
Gozag
Hepliaklqana
Makhleb
Nemelex Xobeh
Okawaru
Qazlal
Ru
Sif Muna
Trog
Uskayaw
Vehumet
Wu Jian
Xom
Yredelemnul
Zin
The Shining One

Shops:
D:1 [   D:3 [!?   D:6 *   D:7 [   D:8 :   D:10 [

Annotations:
D:3 2 transporters, KingCobr1's ghost, amateur NaBe
D:5 2 transporters


Innate Abilities, Weirdness & Mutations

You are a hulking beast.
Your limbs bulge with bestial killing power. (Slay +4)
You have razor-sharp teeth.
Your natural rate of healing is unusually fast.
When hurt, damage is shared between your health and your magic reserves.
Your bite disrupts and absorbs the magic of your enemies.
Potions cannot restore your health.


Message History

You hit the troll. You bite the troll! You drain its power.
The troll is severely wounded.
The troll misses you. x2; The troll claws you!
You hit the troll. You punch the troll.
You kill the troll!
Makhleb accepts your kill.
You feel better.
You swing at nothing.
You see here a troll corpse.
v - 32 poisoned darts (gained 1)
Found a scroll of immolation.
M - a scroll of immolation
Found a hand axe.
A manticore comes into view.
Unknown command.
You punch the manticore!
You bite the manticore, but do no damage.
The manticore is moderately wounded.
The manticore misses you. The manticore claws you.
The manticore barely misses you.
You completely miss the manticore. Your bite misses the manticore.
The manticore is moderately wounded.
You punch the manticore! You bite the manticore! You drain its power.
You feel invigorated.
The manticore is severely wounded.
The manticore bites you. The manticore claws you! x2
You punch the manticore!
The manticore is severely wounded.
The manticore bites you! The manticore misses you. The manticore claws you!
You are too injured to fight recklessly!
You hit the manticore but do no damage.
The manticore is severely wounded.
The manticore barely misses you. The manticore misses you.
The manticore claws you.
You closely miss the manticore.
The manticore is severely wounded.
The manticore bites you! The manticore claws you!
* * * LOW HITPOINT WARNING * * *
The manticore claws you!
You die...

.. #. .. # #. .. ##.
#.##### .# ...##.....# .#
.. #...#....# . .# ..#
#.#......##... .# ...#
#.##.......... .#
#...###.##.#H.#
.#####.#...#....h#.......
.......# #....##.#.......
.......# #...###....H....
......#####..# ##........
......# #....# .#......
......##..#..####........
......##.###.............
#####.##. #.####...)..
####.... #.#.......#


You could see a manticore.

Vanquished Creatures
  Pikel (D:6)
  An unseen horror (D:11)
  Psyche (D:8)
  2 kobold demonologists (D:11)
  2 trolls
  8 yaks (D:9)
  Eustachio (D:6)
  2 acid dragons
  Duvessa (D:5)
  5 orc warriors
  A sky beast (D:6)
  2 ogres
  3 centaurs
  A phantom (D:5)
  4 kobold brigands
  2 bullfrogs (D:6)
  2 gnoll sergeants
  A necrophage (D:4)
  3 scorpions
  17 wights
  Dowan (D:5)
  18 killer bees (D:9)
  A howler monkey (D:6)
  2 bombardier beetles
  4 hounds
  A jelly (D:6)
  2 gnoll boudas
  8 orc priests
  2 iguanas
  2 sleepcaps
  11 orc wizards
  A hound skeleton (D:4)
  20 gnolls
  6 adders
  3 river rats
  A shadow imp (D:6)
  2 white imps
  2 ribbon worms
  47 orcs
  6 ball pythons
  10 endoplasms
  3 giant cockroaches
  12 goblins
  6 hobgoblins
  8 jackals
  4 quokkas
  4 bats
  2 frilled lizards
  10 kobolds
  15 rats
274 creatures vanquished.

Vanquished Creatures (collateral kills)
  An ice beast (D:5)
1 creature vanquished.

Grand Total: 275 creatures vanquished

Notes
Turn   | Place    | Note
-------+----------+-------------------------------------------
     0 | D:1      | TacoSundae the Vine Stalker Shapeshifter began the quest
                  | for the Orb.
     0 | D:1      | Reached XP level 1. HP: 9/9 MP: 2/2
    60 | D:1      | Reached XP level 2. HP: 14/14 MP: 3/3
   173 | D:1      | Found Xavifik's Armour Shop.
   372 | D:1      | Reached XP level 3. HP: 17/17 MP: 4/4
  1061 | D:2      | Reached skill level 4 in Unarmed Combat
  1429 | D:3      | Noticed an ogre
  1431 | D:3      | Noticed an ogre
  1431 | D:3      | Noticed KingCobr1's ghost (amateur NaBe)
  1435 | D:3      | Identified the +6 great mace of the Green God {flame, Str+3
                  | Dex+5}
  1435 | D:3      | Noticed an ogre
  1473 | D:3      | Found Xiseatuucu's Antique Armour Shoppe.
  1489 | D:3      | Reached XP level 4. HP: 21/21 MP: 5/5
  1551 | D:3      | Found a hazy altar of Hepliaklqana.
  1619 | D:3      | Found a transporter.
  1677 | D:3      | Found a transporter.
  1763 | D:3      | Found Gegakk's Magic Scroll Boutique.
  1822 | D:3      | Bought a scroll of identify for 20 gold pieces
  1895 | D:3      | Found Asuopeemm's Distillery.
  1900 | D:3      | Bought a potion of degeneration for 10 gold pieces
  2004 | D:4      | Found a burning altar of Makhleb.
  2005 | D:4      | Noticed a necrophage
  2014 | D:4      | Killed a necrophage
  2015 | D:4      | Reached skill level 5 in Unarmed Combat
  2015 | D:4      | Reached XP level 5. HP: 21/25 MP: 6/6
  2024 | D:4      | Became a worshipper of Makhleb the Destroyer
  2057 | D:4      | Found a staircase to the Ecumenical Temple.
  2070 | Temple   | Entered the Ecumenical Temple
  2125 | D:4      | Reached XP level 6. HP: 29/29 MP: 7/7
  2195 | D:4      | Reached skill level 6 in Unarmed Combat
  2382 | D:4      | Reached XP level 7. HP: 28/32 MP: 8/8
  2383 | D:4      | Reached * piety under Makhleb
  2600 | D:5      | Entered Level 5 of the Dungeon
  2609 | D:5      | Noticed a fire elemental
  2633 | D:5      | Reached skill level 5 in Shapeshifting
  2635 | D:5      | Noticed a water elemental
  2637 | D:5      | Found a stormy altar of Qazlal.
  2639 | D:5      | Noticed an air elemental
  2705 | D:5      | Reached skill level 7 in Unarmed Combat
  2863 | D:5      | Found a transporter.
  2929 | D:5      | Found a transporter.
  2930 | D:5      | Noticed Dowan
  2931 | D:5      | Noticed Duvessa
  2939 | D:5      | Killed Duvessa
  2945 | D:5      | Killed Dowan
  2946 | D:5      | Gained mutation: You have razor-sharp teeth. [Vine Stalker
                  | growth]
  2946 | D:5      | Reached XP level 8. HP: 28/37 MP: 9/9
  3123 | D:3      | Bought a scroll of identify for 20 gold pieces
  3123 | D:3      | Bought a scroll of identify for 20 gold pieces
  3172 | D:5      | Identified the ring "Nixompylu" {Fire rElec}
  3199 | D:5      | Reached skill level 8 in Unarmed Combat
  3204 | D:6      | Reached skill level 1 in Fighting
  3230 | D:6      | Noticed Pikel
  3243 | D:6      | Killed Pikel
  3243 | D:6      | Reached ** piety under Makhleb
  3328 | D:6      | Reached skill level 9 in Unarmed Combat
  3367 | D:6      | Reached XP level 9. HP: 42/43 MP: 10/10
  3694 | D:6      | Found Oruruingi's Neck Hole.
  3780 | D:6      | Found a glowing drain.
  3793 | Sewer    | Entered a sewer
  3857 | Sewer    | Reached *** piety under Makhleb
  3911 | Sewer    | Found a white marble altar of Elyvilon.
  4060 | D:6      | Noticed Eustachio
  4116 | D:6      | Killed Eustachio
  4204 | D:7      | Found Amowin's Armour Emporium.
  4688 | D:7      | Reached skill level 10 in Unarmed Combat
  5169 | D:8      | Noticed Psyche
  5174 | D:8      | Killed Psyche
  5175 | D:8      | Reached skill level 1 in Invocations
  5175 | D:8      | Reached XP level 10. HP: 49/50 MP: 8/11
  5218 | D:8      | Found Tyzod's Book Boutique.
  5272 | D:8      | Found a staircase to the Lair.
  5612 | D:8      | Found a shimmering blue altar of Sif Muna.
  5613 | D:8      | Found a radiant altar of Vehumet.
  5614 | D:8      | Found an iron altar of Okawaru.
  5614 | D:8      | Found a broken altar of Ashenzari.
  5836 | D:9      | Reached **** piety under Makhleb
  6200 | D:9      | Reached skill level 5 in Fighting
  6212 | D:9      | Reached skill level 5 in Dodging
  6237 | D:9      | Reached skill level 11 in Unarmed Combat
  6639 | D:9      | Reached ***** piety under Makhleb
  6645 | D:9      | Reached XP level 11. HP: 43/56 MP: 9/14
  6834 | D:10     | Entered Level 10 of the Dungeon
  7255 | D:10     | Found Petedeohal's Antique Armour Shop.
  7335 | D:10     | Found a staircase to the Orcish Mines.
  7949 | D:11     | Noticed a manticore
  7975 | D:11     | Slain by a manticore

Illustrated notes

Levels and vault maps discovered:
D:1:      lightli_molten_gateway, layout_basic, serial_shops,
          nicolae_shop_just_a_little_nook, dreamdust_mushroom_princess,
          minmay_misc_feat_more_columns
D:2:      layout_loops_corners
D:3:      layout_rooms, nzn_hepliaklqana_mist_gate, gammafunk_ghost_smash,
          serial_shops, nicolae_shop_hallway_plus, nicolae_lakefront_shop, shop
D:4:      minmay_angry_zag, layout_rooms, makhleb_blood_cavern_becter,
          minmay_temple_entry_overgrown
D:5:      layout_basic, kennysheep_vampire_church,
          nicolae_qazlal_style_of_elements, gammafunk_ghost_gnarly_gnolls,
          uniq_duvessa
D:6:      layout_basic, portal_sewer_entry_e, nicolae_shop_sticking_my_neck_out,
          uniq_eustachio, uniq_pikel
D:7:      layout_loops_ring, serial_shops, nicolae_square_shop,
          serial_library_hellmonk_filled_rooms, chequers_serial_rivers_small_3
D:8:      layout_cave_pools, mainiacjoe_overflow_alcove_3, dpeg_oklobed_lair,
          serial_shops, shop, uniq_psyche
D:9:      layout_basic
D:10:     layout_basic, david_orc_5, serial_shops, nicolae_shop_statue_plus
D:11:     layout_rooms
Temple:   nicolae_temple_superstar

Skill      XL: |  1  2  3  4  5  6  7  8  9 10 11 |
---------------+----------------------------------+-----
Unarmed Combat | 4 5 6 7 9 10 11 | 11.3
Shapeshifting  | 4 5 6 7 8 |  8.4
Fighting       | 2 4 5 |  5.9
Dodging        | 2 4 5 |  5.7
Invocations    | 1 3 4 |  4.7

Action                     |  1- 3 |  4- 6 |  7- 9 | 10-12 || total
---------------------------+-------+-------+-------+-------++-------
  Melee: Unarmed           |    60 |   114 |   235 |   278 ||   687
         Bite              |    17 |    30 |    63 |    96 ||   206
         Punch             |     1 |     2 |    16 |    18 ||    37
  Throw: Dart              |       |       |       |     1 ||     1
  Evoke: Lightning rod     |       |       |       |     1 ||     1
    Use: Scroll            |       |       |    18 |     5 ||    23
 Armour: Animal skin       |     5 |       |       |       ||     5
         Ring mail         |    13 |    51 |   114 |       ||   178
         Skin              |     1 |       |       |       ||     1
         Leather armour    |       |       |     1 |    93 ||    94
         Troll leather arm |       |       |       |    72 ||    72
  Dodge: Dodged            |    31 |    41 |   121 |   162 ||   355
